 Dungeon Crawl Stone Soup version 0.31-a0-971-g75a2e9a4b4 (webtiles) character file.

Game seed: 18044727110639180948

161 CowFu the Ruffian (level 5, 0/41 HPs)
             Began as a Draconian Shapeshifter on Oct 28, 2023.
             Slain by Ijyb
             ... wielding a +0 club
              (2 damage)
             ... on level 3 of the Dungeon.
             The game lasted 00:03:22 (2119 turns).

CowFu the Ruffian (Draconian Shapeshifter)          Turns: 2119, Time: 00:03:22

Health: 0/41       AC:  5    Str: 19    XL:     5   Next: 19%
Magic:  0/5        EV: 12    Int: 10    God:
Gold:   95         SH:  0    Dex: 10    Spells: 4/4 levels left

rFire   . .          .
                       - Unarmed
rCold   . . .        (no shield)
rNeg    + . .        (body armour unavailable)
rPois   .            (helmet currently unavailable)
rElec   .            (cloak currently unavailable)
rCorr   .            (gloves currently unavailable)
SInv    .            (boots currently unavailable)
Will    .....        g - amulet of guardian spirit
Stlth   +            k - ring of positive energy
HPRegen 0.26/turn    (no ring)
MPRegen 0.09/turn

%: guardian spirit
@: beast-form
A: beast (slay +2), AC +5, unfitting armour, cold-blooded
a: Begin Untransformation


You were on level 3 of the Dungeon.
You were a hulking beast.
You visited 1 branch of the dungeon, and saw 4 of its levels.

You collected 95 gold pieces.

Inventory:

Jewellery
 g - an amulet of guardian spirit (around neck)
 k - a ring of positive energy (left hand)
Talismans
 b - a beast talisman
 c - a flux talisman
Scrolls
 h - a scroll of fear {unknown}
 j - a scroll of enchant armour {unknown}
 l - a scroll of teleportation {unknown}
 m - 2 scrolls of identify {unknown}
 n - a scroll of vulnerability {unknown}
 o - a scroll of enchant weapon {unknown}
 p - a scroll of torment {unknown}
Potions
 a - a potion of lignification
 d - 2 potions of curing {unknown}
 e - 2 potions of might {unknown}
 f - 3 potions of magic {unknown}
 i - a potion of mutation {unknown}


   Skills:
 - Level 2.0 Fighting
 - Level 2.0 Dodging
 + Level 4.5 Unarmed Combat
 + Level 4.2 Shapeshifting


You had 4 spell levels left.
You didn't know any spells.
Your spell library contained the following spells:

 Spells                   Type           Power      Damage    Failure   Level
 Blink                    Tloc           0%         N/A       50%         2
 Tukima's Dance           Hex            0%         N/A       75%         3
 Dimensional Bullseye     Hex/Tloc       0%         N/A       98%         4
 Iskenderun's Mystic Bla  Conj/Tloc      0%         2d3       98%         4
 Manifold Assault         Tloc           0%         N/A       98%         4


Dungeon Overview and Level Annotations

Branches:
Dungeon (4/15)
 Temple: D:4-7

Altars:
Xom

Shops:
D:4 (

Annotations:
D:3 Ijyb
D:4 1 transporter


Innate Abilities, Weirdness & Mutations

You are a hulking beast.
Your limbs bulge with bestial killing power. (Slay +2)
Your plain brown scales are hard. (AC +5)
You cannot fit into any form of body armour.
You are cold-blooded and may be slowed by cold attacks.


Message History

You feel less confused.
You punch Ijyb!
Ijyb is moderately wounded.
Ijyb barely misses you.
You hit Ijyb but do no damage. You tail-slap Ijyb, but do no damage.
Ijyb is moderately wounded.
Ijyb closely misses you.
You closely miss Ijyb. You punch Ijyb.
Ijyb is heavily wounded.
Ijyb hits you but does no damage.
You barely miss Ijyb.
Ijyb is heavily wounded.
Ijyb hits you but does no damage.
You barely miss Ijyb.
Ijyb is heavily wounded.
Ijyb zaps a wand.
The bolt of light hits you!
You barely miss Ijyb. Your punch misses Ijyb.
Ijyb is heavily wounded.
Ijyb hits you with a +0 club.
You hit Ijyb but do no damage.
Ijyb is heavily wounded.
Ijyb zaps a wand.
The bolt of light hits you!
* * * LOW HITPOINT WARNING * * *
Okay, then.
You hit Ijyb.
Ijyb is heavily wounded.
Ijyb barely misses you.
You closely miss Ijyb.
Ijyb is heavily wounded.
You closely miss Ijyb. You punch Ijyb.
Ijyb is severely wounded.
Ijyb misses you.
You hit Ijyb.
Ijyb is severely wounded.
Ijyb hits you with a +0 club.
* * * LOW HITPOINT WARNING * * *
You hit Ijyb but do no damage.
Ijyb is severely wounded.
Ijyb hits you with a +0 club.
You die...

#......#.......#..#########
....####.......>..#
..#..###.......#..#
#..#..##.......#..##
...................#
##.#....)........###
.#.##.##.........#
.#.##............#8....!8#
.#.............#h#..gg...#
....####.......gg#8.....8#
#...# #..###...##.g.....#
...## ###.......##8.g...8#
(...###...#.....##g.g..[.#
....##...........#8.....8#
#.#.#....................#
#.#.#....................#
...<....................##


You could see Ijyb and a goblin.

Vanquished Creatures
  An orc wizard (D:3)
  Robin (D:2)
  3 gnolls (D:2)
  An adder (D:3)
  2 worms
  A dart slug (D:1)
  3 orcs (D:3)
  6 endoplasms
  6 giant cockroaches
  14 goblins
  8 hobgoblins
  6 kobolds
  3 quokkas
  2 ball pythons (D:2)
  8 bats
  3 frilled lizards
  6 rats
74 creatures vanquished.

Notes
Turn   | Place    | Note
-------+----------+-------------------------------------------
     0 | D:1      | CowFu the Draconian Shapeshifter began the quest for the
                  | Orb.
     0 | D:1      | Reached XP level 1. HP: 16/16 MP: 1/1
   299 | D:1      | Reached XP level 2. HP: 23/23 MP: 2/2
   702 | D:1      | Reached XP level 3. HP: 29/29 MP: 3/3
  1024 | D:2      | Found a shimmering altar of Xom.
  1125 | D:2      | Reached XP level 4. HP: 6/36 MP: 1/4
  1309 | D:2      | Noticed Robin
  1328 | D:2      | Killed Robin
  1628 | D:3      | Found a faded altar of an unknown god.
  1634 | D:3      | You fall into a shaft and drop 1 floor!
  1676 | D:4      | Found Tiudank's Antique Weapon Shoppe.
  1698 | D:4      | Found a transporter.
  1861 | D:3      | Reached XP level 5. HP: 27/41 MP: 3/5
  2045 | D:3      | Noticed Ijyb
  2114 | D:3      | HP: 2/41 [Ijyb/bolt of light (13)]
  2119 | D:3      | Slain by Ijyb

Illustrated notes

Levels and vault maps discovered:
D:1:      onia_arrival_pentagram, layout_loops_ring,
          chequers_serial_rivers_micro_d
D:2:      layout_loops_ring, basic_altar, uniq_robin
D:3:      kennysheep_the_goblin_king, layout_rooms,
          hellmonk_ecumenical_altar_run_dry
D:4:      layout_cave_pools, fedhas_altar_4,
          nicolae_gozag_cash_rules_everything_around_me,
          minmay_temple_entry_arrows, gammafunk_ghost_stat_death, serial_shops,
          nicolae_shop_overgrown_old_shop, columned_hall_lemuel

Skill      XL: |  1  2  3  4 |
---------------+-------------+-----
Dodging        | 2 |  2.0
Fighting       | 2 |  2.0
Unarmed Combat | 4 |  4.5
Shapeshifting  | 4 |  4.2

Action                     |  1- 3 |  4- 6 || total
---------------------------+-------+-------++-------
  Melee: Unarmed           |   101 |    95 ||   196
         Tailslap          |     7 |     7 ||    14
         Punch             |     1 |     3 ||     4
   Stab: Sleeping          |     1 |       ||     1
 Armour: Skin              |    50 |    58 ||   108
  Dodge: Dodged            |    61 |    49 ||   110

Table legend: (Time is in decaauts)
 A = Elapsed time spent in this place.
 B = Non-inter-level travel time spent in this place.
 C = Inter-level travel time spent in this place.
 D = Time resting spent in this place.
 E = Time spent auto-exploring this place.
 F = Levels seen in this place.
 G = Mean time per level.
                   A        B        C        D        E       F      G
               +--------+--------+--------+--------+--------+-----+--------+
         Total |   2105 |   2046 |     59 |      0 |   1525 |   4 |  526.2 |
       Dungeon |   2105 |   2046 |     59 |      0 |   1525 |   4 |  526.2 |
               +--------+--------+--------+--------+--------+-----+--------+

Top non-repeatable levels by time:
     D:2: 789 daAuts
     D:1: 751 daAuts
     D:3: 487 daAuts
     D:4: 76 daAuts
